 Dungeon Crawl Stone Soup version 0.28.0-43-g3370ac3207 (webtiles) character file.

Game seed: 15166130461926520121

14 Descartes the Sneak (level 2, 0/13 HPs)
             Began as a Felid Wanderer on Mar 16, 2022.
             Slain by a jackal (2 damage)
             ... on level 1 of the Dungeon.
             The game lasted 00:00:59 (435 turns).

Descartes the Sneak (Felid Wanderer)                 Turns: 435, Time: 00:01:00

Health: 0/13       AC:  1    Str:  5    XL:     2   Next: 27%
Magic:  6/6        EV: 16    Int: 15    God:
Gold:   14         SH:  0    Dex: 16    Spells: 4/5 levels left
                                        Lives:  0   Deaths: 0

rFire   . . .      SeeInvis +     - Unarmed
rCold   . . .      Faith    .   (shield unavailable)
rNeg    . . .      Spirit   .   (armour unavailable)
rPois   .          Reflect  .   (helmet unavailable)
rElec   .          Harm     .   (cloak unavailable)
rCorr   .          Rampage  .   (gloves unavailable)
Will    .....                   (boots unavailable)
Stlth   ++........              (no amulet)
HPRegen 0.04/turn               (no ring)
MPRegen 0.10/turn               (no ring)

@: quick
A: very small, claws 1, fangs 3, see invisible, speed 1, shaggy fur 1, stealthy
paws, no weapons or thrown items, no armour, multi-lived
a: no special abilities


You were on level 1 of the Dungeon.
You visited 1 branch of the dungeon, and saw 1 of its levels.

You collected 14 gold pieces.

Inventory:

Scrolls
 b - a scroll of fear
Potions
 a - a potion of might
 c - a potion of curing {unknown}
 d - a potion of haste {unknown}


   Skills:
 - Level 2.0 Fighting
 + Level 1.1 Dodging
 + Level 3.1 Stealth
 + Level 2.2 Unarmed Combat
 - Level 2.0 Spellcasting
 - Level 1.0 Summonings
 + Level 1.6 Evocations


You had 4 spell levels left.
You knew the following spells:

 Your Spells              Type           Power      Damage    Failure   Level
a - Summon Small Mammal   Summ           16%        N/A       14%         1

Your spell library contained the following spells:

 Spells                   Type           Power      Damage    Failure   Level
 Summon Guardian Golem    Hex/Summ       3%         N/A       47%         3


Dungeon Overview and Level Annotations

Branches:
Dungeon (1/15)

Altars:


Innate Abilities, Weirdness & Mutations

You have sharp claws.
You have razor-sharp teeth.
You have supernaturally acute eyesight. (SInv)
You cover ground quickly. (Speed+)
You are covered in fur. (AC +1)
Your paws help you pounce on unaware monsters.
You are incapable of wielding weapons or throwing items.
You cannot wear armour.
You gain extra lives every three experience levels.


Message History

The jackal bites you. The jackal closely misses you.
You are too injured to fight recklessly!
You are too injured to fight recklessly!
You are too injured to fight recklessly!
You are too injured to fight recklessly!
You are too injured to fight recklessly!
You are too injured to fight recklessly!
You are too injured to fight recklessly!
You are too injured to fight recklessly!
You are too injured to fight recklessly!
You are too injured to fight recklessly!
You are too injured to fight recklessly!
You are too injured to fight recklessly!
You are too injured to fight recklessly!
You are too injured to fight recklessly!
You are too injured to fight recklessly!
You are too injured to fight recklessly!
The jackal barely misses you. The jackal misses you.
The jackal completely misses you.
You closely miss the jackal. The jackal barely misses you.
You scratch the jackal but do no damage.
You bite the jackal.
The jackal is lightly wounded.
The jackal misses you. The jackal barely misses you.
The jackal closely misses you.
You see here 23 sling bullets.
You scratch the jackal. You bite the jackal.
You kill the jackal!
You scratch the jackal but do no damage.
The jackal closely misses you. The jackal misses you.
You scratch the jackal. You bite the jackal.
You kill the jackal!
You scratch the jackal.
You kill the jackal!
You closely miss the jackal. The jackal bites you.
* * * LOW HITPOINT WARNING * * *
The jackal bites you.
You die...

#......# #......# #####
#......##### ##...##
#......#...##### ##.....##
#..............# #...†...#
#......#.#.....# #.......#
#......#.......# #..†....#
#......##......######.....## #
#......##.......@h.(..>>...# .#
###########....####........###..#
#....#####...........#
##.....####.......####
####...#...............#
..........÷....####.#...##
.########.####.# #.###..#
#......'.# #.# #.. ##..
#......### #.. #...#...


You could see a jackal.

Vanquished Creatures
  2 endoplasms (D:1)
  A giant cockroach (D:1)
  A hobgoblin (D:1)
  4 jackals (D:1)
  A quokka (D:1)
  A frilled lizard (D:1)
  A rat (D:1)
11 creatures vanquished.

Notes
Turn   | Place    | Note
-------+----------+-------------------------------------------
     0 | D:1      | Descartes the Felid Wanderer began the quest for the Orb.
     0 | D:1      | Descartes set off with the following items: a potion of
                  | might, a scroll of fear; and the following spell memorised:
                  | Summon Small Mammal; and the following spells available to
                  | memorise: Summon Guardian Golem
     0 | D:1      | Reached XP level 1. HP: 9/9 MP: 4/4
   333 | D:1      | Reached skill level 3 in Stealth
   399 | D:1      | Reached skill level 1 in Dodging
   399 | D:1      | Reached XP level 2. HP: 13/13 MP: 6/6
   435 | D:1      | Slain by a jackal

Illustrated notes

Levels and vault maps discovered:
D:1:      evilmike_arrival_fibonacci_small, layout_rooms, serial_shops, shop

Skill      XL: |  1 |
---------------+----+-----
Stealth        | 3 |  3.1
Dodging        | 1 |  1.1
Fighting       | |  2.0
Unarmed Combat | |  2.2
Spellcasting   | |  2.0
Summonings     | |  1.0
Evocations     | |  1.6

Action                   || total
-------------------------++-------
Melee: Unarmed           ||    36
       Bite              ||     7
       Punch             ||     3
 Stab: Sleeping          ||     2
Armor: Skin              ||     2
Dodge: Dodged            ||    30
